 Dungeon Crawl Stone Soup version 0.26-a0-264-g3a471323bd (webtiles) character file.

Game seed: 11977690734117365149

441 BritishOli the Covered (level 6, -1/48 HPs)
             Began as a Demonspawn Fighter on July 11, 2020.
             Slain by an ice beast (4 damage)
             ... on level 5 of the Dungeon.
             The game lasted 00:02:04 (3029 turns).

BritishOli the Covered (Demonspawn Fighter)         Turns: 3029, Time: 00:02:04

Health: -1/48      AC:  7    Str: 19    XL:     6   Next: 71%
Magic:  0/6        EV:  7    Int:  9    God:
Gold:   200        SH:  9    Dex: 12    Spells: 5/5 levels left

rFire    . . .     SeeInvis .   a - +0 long sword
rCold    . . .     Faith    .   c - +0 kite shield
rNeg     . . .     Spirit   +   b - +0 scale mail
rPois    .         Reflect  .   (no helmet)
rElec    .         Harm     .   (no cloak)
rCorr    .                      (no gloves)
MR       .....                  (no boots)
Stlth    ..........             (no amulet)
HPRegen  0.16/turn              (no ring)
MPRegen  0.20/turn              (no ring)

@: no status effects
A: magic shield, magic regeneration
a: no special abilities


You were on level 5 of the Dungeon.
You were not hungry.

You visited 1 branch of the dungeon, and saw 5 of its levels.

You collected 200 gold pieces.

Inventory:

Hand Weapons
 a - a +0 long sword (weapon)
Armour
 b - a +0 scale mail (worn)
 c - a +0 kite shield (worn)
Jewellery
 n - an uncursed amulet of guardian spirit {unknown}
Wands
 o - a wand of iceblast (1)
Scrolls
 e - a scroll of enchant weapon {unknown}
 g - 2 scrolls of remove curse {unknown}
 h - a scroll of fog {unknown}
 i - 6 scrolls of identify {unknown}
 j - a scroll of enchant armour {unknown}
 k - a scroll of noise {unknown}
Potions
 d - a potion of might
 l - a potion of degeneration {unknown}
 m - a potion of brilliance {unknown}
 p - a potion of curing
 q - a potion of flight {unknown}
 r - a potion of berserk rage {unknown}
Comestibles
 f - 10 rations


   Skills:
 + Level 4.0 Fighting
 * Level 4.0 Long Blades
 * Level 4.5 Armour
 + Level 3.7 Shields


You had 5 spell levels left.
You didn't know any spells.
Your spell library was empty.

Dungeon Overview and Level Annotations

Branches:
Dungeon (5/15)
 Temple: D:4-7

Altars:
Ashenzari
Cheibriados
Dithmenos
Makhleb
Nemelex Xobeh
Ru
Trog
Uskayaw
Wu Jian
Xom
Zin


Innate Abilities, Weirdness & Mutations

When hurt, damage is shared between your health and your magic reserves.
You regenerate magic rapidly.


Message History

The ice beast hits you. The ice beast freezes you!
* * * LOW HITPOINT WARNING * * *
You block the orc's attack. The orc hits you with a +0 flail.
* * * LOW HITPOINT WARNING * * *
You hit the ice beast but do no damage.
The ice beast is severely wounded.
The ice beast hits you but does no damage.
The orc barely misses you.
You riposte.
You closely miss the orc. The orc hits you with a +0 flail.
* * * LOW HITPOINT WARNING * * *
Unknown command.
You hit the ice beast but do no damage.
The ice beast is severely wounded.
The ice beast hits you but does no damage.
The orc barely misses you. x2
You hit the ice beast but do no damage.
The ice beast is severely wounded.
The ice beast hits you but does no damage.
The ice beast hits you.
You die...

._..# # ..... ### ....
###.. #..# ######....
#..### ####...>.[...
######...###.......###.#
..)....†.....##.######.#
!....ooo##.(......###..#
###...#@######.##......#
#.. #Y# #.#.....#.#
#....{w........#.....#
#..........#.....#.#.^
#......#.....#.#......
####.....#.#.....#.#..
..#.#.. ..#.....#.. #.
..o . .#.#.#.... #. ..
..# #.....###


You could see an ice beast, a worm and 3 orcs.

Vanquished Creatures
  Grinder (D:4)
  Blork the orc (D:4)
  A centaur zombie (D:4)
  A howler monkey (D:4)
  Ijyb (D:3)
  A worker ant (D:4)
  2 adders
  A worm (D:3)
  A dart slug (D:2)
  A leopard gecko (D:1)
  3 orcs
  5 giant cockroaches
  4 goblins
  6 hobgoblins
  3 jackals (D:1)
  2 kobolds
  2 quokkas
  6 bats (D:1)
  5 frilled lizards
  A leopard gecko skeleton (D:4)
  3 rats
51 creatures vanquished.

Notes
Turn   | Place    | Note
-------+----------+-------------------------------------------
     0 | D:1      | BritishOli the Demonspawn Fighter began the quest for the
                  | Orb.
     0 | D:1      | Reached XP level 1. HP: 18/18 MP: 1/1
   185 | D:1      | Gained mutation: When hurt, damage is shared between your
                  | health and your magic reserves. [demonic ancestry]
   185 | D:1      | Reached XP level 2. HP: 15/24 MP: 2/2
   855 | D:2      | Reached XP level 3. HP: 28/29 MP: 3/3
   877 | D:2      | Found a snail-covered altar of Cheibriados.
   898 | D:2      | Found a burning altar of Makhleb.
  1298 | D:3      | Noticed Ijyb
  1302 | D:3      | Paralysed by Ijyb for 7 turns
  1325 | D:3      | Paralysed by Ijyb for 2 turns
  1340 | D:3      | Killed Ijyb
  1340 | D:3      | Reached XP level 4. HP: 25/35 MP: 4/4
  1430 | D:3      | Found a shimmering altar of Xom.
  1588 | D:3      | Found a sparkling altar of Nemelex Xobeh.
  1819 | D:4      | Noticed Grinder
  1820 | D:4      | Paralysed by Grinder for 3 turns
  1830 | D:4      | Killed Grinder
  1830 | D:4      | Reached XP level 5. HP: 21/42 MP: 2/5
  1830 | D:4      | Gained mutation: You regenerate magic rapidly. [demonic
                  | ancestry]
  1830 | D:4      | Reached XP level 6. HP: 24/48 MP: 2/6
  2082 | D:4      | Noticed Blork the orc
  2095 | D:4      | Killed Blork the orc
  2480 | D:4      | Found an ornate altar of the Wu Jian Council.
  2483 | D:4      | Found a shattered altar of Ashenzari.
  2486 | D:4      | Found a shadowy altar of Dithmenos.
  2705 | D:4      | Found a bloodstained altar of Trog.
  2855 | D:4      | Found a glowing silver altar of Zin.
  2921 | D:5      | Entered Level 5 of the Dungeon
  2923 | D:5      | Found a sacrificial altar of Ru.
  2986 | D:5      | Found a hide-covered altar of Uskayaw.
  3006 | D:5      | Noticed an ice beast
  3029 | D:5      | Slain by an ice beast

Illustrated notes

Levels and vault maps discovered:
D:1:      nzn_arrival_settlement, layout_basic
D:2:      layout_basic, kennysheep_slug_shrine, overflow_temple_1_default
D:3:      layout_rooms, old_standard_altar, nicolae_overflow_hidden_temple,
          first_ration, uniq_ijyb
D:4:      layout_layer_cave, zin_scriptorium, kennysheep_mini,
          grunt_temple_overflow_diamond, serial_glass, glass_columns_b,
          glass_columns_a, glass_columns_b, glass_columns_a, glass_columns_a,
          glass_columns_a, glass_columns_b, glass_columns_c, glass_columns_c,
          glass_columns_a, minivault_4, uniq_blork_the_orc, uniq_grinder
D:5:      layout_rooms, nicolae_ru_awakened_eye, minmay_temple_entry_nine_rooms,
          serial_shops, shop, basic_altar, hangedman_decor_points

Skill      XL: |  1  2  3  4  5  6 |
---------------+-------------------+-----
Long Blades    | 2 3 4 |  4.0
Armour         | 3 4 |  4.5
Shields        | 3 |  3.7
Fighting       | 4 |  4.0

Action                   |  1- 3 |  4- 6 || total
-------------------------+-------+-------++-------
Melee: Long sword        |   110 |   106 ||   216
Evoke: Wand              |       |     4 ||     4
  Eat: Ration            |     1 |     1 ||     2
Armor: Scale mail        |    87 |    37 ||   124
Dodge: Dodged            |    39 |    37 ||    76
Block: Kite shield       |    60 |    54 ||   114
       Rpst.: Long sword |    13 |    10 ||    23

Table legend:
 A = Non-vault XP
 B = Vault XP
 C = Vault XP percentage of total XP
 D = Non-vault monster count
 E = Vault monster count
 F = Vault count percentage of total count
                 A         B        C        D         E       F
            +---------+---------+-------+---------+---------+-------
      Total |     239 |     392 |  62.1 |      47 |       4 |   7.8
            +---------+---------+-------+---------+---------+-------
        D:1 |      39 |       0 |   0.0 |      22 |       0 |   0.0
        D:2 |      18 |       4 |  18.2 |       4 |       1 |  20.0
        D:3 |      36 |      38 |  51.4 |      12 |       1 |   7.7
        D:4 |     136 |     350 |  72.0 |       5 |       2 |  28.6
        D:5 |      10 |       0 |   0.0 |       4 |       0 |   0.0
            +---------+---------+-------+---------+---------+-------
